AoeStats
← cegirke

Four Lakes

510065694Analyzed
1v1 RM · 2d ago on Sep 29, 2026· 35m 6s· 2 players
Game mode
Random Map
Map size
Tiny (2 player)
Population
200
Speed
Normal
Resources
Standard
Victory
Conquest
Starting age
Dark Age
Ending age
Imperial Age
RankedLock teamsTeams togetherTeam positionsShared explorationLock speedFull tech treeHidden civsTurbo modeCheats
Victory
Defeat
🇹🇷 Celts · Türkiye
1109
+27
🇷🇺 Hindustanis · Russia
1119
-16
cegirke
8:15 Loom
10:35 Feudal Age
12:54 Double-Bit Axe
19:37 Castle Age
18:02 Scale Barding Armor
18:51 Horse Collar
20:23 Forging
23:47 Fletching
23:59 Scale Mail Armor
24:52 Pikeman
24:53 Man-at-Arms
30:28 Imperial Age
28:55 Bow Saw
29:01 Heavy Plow
30:54 Wheelbarrow
30:41 Gold Mining
30:43 Stone Mining
30:37 Long Swordsman
31:05 Gambesons
32:15 Chain Mail Armor
31:56 Two-Handed Swordsman
tag
5:23 Loom
10:36 Feudal Age
11:59 Double-Bit Axe
11:59 Horse Collar
13:11 Fishing Lines
21:04 Castle Age
22:30 Scale Barding Armor
22:35 Forging
24:53 Bloodlines
25:48 Wheelbarrow
25:14 Heavy Plow
25:19 Gillnets
25:48 Husbandry
26:33 Town Watch
29:06 Iron Casting
29:53 Chain Barding Armor
30:53 Hand Cart
30:39 Town Patrol
32:28 Elite Skirmisher
33:15 Fletching
33:26 Padded Archer Armor
36:19 Imperial Age
34:17 Thumb Ring
34:37 Bodkin Arrow
Connection lost

Rejoining the realm…

Still unreachable

The connection could not be restored.

Session expired

The server has moved on; the page needs a fresh start.